 Dungeon Crawl Stone Soup version 0.17.2 (webtiles) character file.

1437 aeluma the Fighter (level 8, -1/78 HPs)
             Began as a Minotaur Fighter on May 9, 2016.
             Was a Follower of Okawaru.
             Slain by an unseen horror (6 damage)
             ... on level 5 of the Dungeon.
             The game lasted 00:15:59 (5154 turns).

aeluma the Fighter (Minotaur Fighter)               Turns: 5154, Time: 00:15:59

Health: -1/78      AC:  6    Str: 25    XL:     8   Next: 45%
Magic:  7/7        EV: 15    Int:  7    God:    Okawaru [*.....]
Gold:   278        SH: 10    Dex: 16    Spells: 0 memorised, 7 levels left

rFire  . . .     SeeInvis .     a - +1 war axe
rCold  . . .     Clarity  .     b - +0 scale mail
rNeg   + . .     SustAt   .     c - +0 shield
rPois  .         Gourm    .     (helmet restricted)
rElec  .         Spirit   .     (no cloak)
rCorr  .         Warding  .     (no gloves)
rMut   .         Stasis   .     (no boots)
MR     .....                    (no amulet)
Stlth  +.........               x - +3 ring of evasion
                                u - ring of positive energy

@: mighty, agile, not resistant to hostile enchantments, very unstealthy
A: retaliatory headbutt, horns 2
a: Heroism, Renounce Religion


You were on level 5 of the Dungeon.
You worshipped Okawaru.
Okawaru was aware of your devotion.
You were not hungry.

You visited 2 branches of the dungeon, and saw 7 of its levels.

You collected 278 gold pieces.

Inventory:

Hand Weapons
 a - a +1 war axe (weapon)
 q - a +4 quarterstaff of chaos
Armour
 b - a +0 scale mail (worn)
 c - a +0 shield (worn)
 r - a +0 cloak
 E - a +2 scale mail of poison resistance
Magical Staves
 v - an uncursed staff of fire {unknown}
 C - an uncursed staff of air {unknown}
Jewellery
 u - a ring of positive energy (left hand)
 x - a +3 ring of evasion (right hand)
 y - an uncursed ring of fire
 D - an uncursed ring of ice
 F - an uncursed ring of positive energy
Wands
 f - a wand of slowing (37)
 s - a wand of hasting (2)
 H - a wand of teleportation (8)
Scrolls
 h - 2 scrolls of recharging
 i - 2 scrolls of amnesia
 k - 2 scrolls of remove curse
Potions
 g - 2 potions of cancellation
 t - a potion of ambrosia
 A - a potion of lignification {unknown}
Comestibles
 e - 4 bread rations
 l - 2 meat rations
 m - a beef jerky
 G - a chunk of flesh
 I - a royal jelly


   Skills:
 + Level 9.6 Fighting
 + Level 9.2 Axes
 - Level 3.6 Armour
 - Level 3.6 Shields


You had 7 spell levels left.
You didn't know any spells.

Dungeon Overview and Level Annotations

Branches:
Dungeon (6/15)             Temple (1/1) D:4

Altars:
Ashenzari
Dithmenos
Elyvilon
Fedhas
Gozag
Kikubaaqudgha
Makhleb
Nemelex Xobeh
Okawaru
Qazlal
Ru
Sif Muna
Trog
Vehumet
Xom
Yredelemnul
Zin
The Shining One


Innate Abilities, Weirdness & Mutations

You reflexively headbutt those who attack you in melee.
You have a pair of horns on your head.


Message History

* * * LOW HITPOINT WARNING * * *
There is a stone staircase leading down here.
Read which item? (? for menu, Esc to quit)
Okay, then.
Drink which item? (? for menu, Esc to quit)
You feel agile all of a sudden. You block its attack.
Drink which item? (? for menu, Esc to quit)
You feel very mighty all of a sudden. You block its attack.
Drink which item? (? for menu, Esc to quit)
You feel better. Something hits you.
* * * LOW HITPOINT WARNING * * *
Something hits you but does no damage. Something hits you.
* * * LOW HITPOINT WARNING * * *
Something hits you.
* * * LOW HITPOINT WARNING * * *
Something hits you.
You die...

....##....##.............#
..........'.......|......#
##..##....########..####.#
##..##....##...###..#########
'...##....##................#
#...##....##................##
##..##....##...##...####.....#
######....##...##...####).####
................@...#......#
.................>..+......#
##..##..####...##...###..>####
##..##..#########...###...#..#
##...#...............#.......#
##[[[#...............†.....<.#
##..##..##########(###########
##..######.....##..(.##.....##
........#.......#...(........#


There were no monsters in sight!

Vanquished Creatures
  Eustachio (D:5)
  Edmund (D:5)
  A hungry ghost (D:4)
  A sky beast (D:4)
  A phantom (D:5)
  An ice beast (D:5)
  A centaur (D:5)
  2 scorpions
  A crimson imp (D:5)
  Crazy Yiuf (D:2)
  An orc priest (D:3)
  A hound (D:5)
  2 iguanas
  2 orc wizards (D:4)
  A giant frog skeleton (D:5)
  6 worker ants
  A hound zombie (D:5)
  The ghost of Charly the Ruffian, a weakling VSTm (D:5)
  9 adders
  2 oozes
  2 adder skeletons (D:4)
  A worm (D:3)
  A giant gecko (D:6)
  9 orcs
  3 ball pythons
  6 bats
  5 giant cockroaches
  7 goblins
  8 hobgoblins
  4 jackals (D:5)
  3 quokkas
  A ball python skeleton (D:4)
  5 giant newts
  8 kobolds
  4 quokka skeletons
  A quokka zombie (D:5)
  5 rats
110 creatures vanquished.

Notes
Turn   | Place    | Note
--------------------------------------------------------------
     0 | D:1      | aeluma the Minotaur Fighter began the quest for the Orb.
     0 | D:1      | Reached XP level 1. HP: 19/19 MP: 0/0
     3 | D:1      | Noticed an electric eel
     4 | D:1      | Noticed an electric eel
   103 | D:1      | Reached XP level 2. HP: 27/27 MP: 1/1
   141 | D:1      | Reached skill level 4 in Fighting
   435 | D:1      | Reached XP level 3. HP: 33/33 MP: 2/2
  1408 | D:2      | Noticed Crazy Yiuf
  1413 | D:2      | Killed Crazy Yiuf
  1413 | D:2      | Reached XP level 4. HP: 30/41 MP: 0/3
  1653 | D:3      | Found a shattered altar of Ashenzari.
  1680 | D:3      | Reached skill level 5 in Fighting
  2116 | D:3      | Reached skill level 5 in Axes
  2116 | D:3      | Reached XP level 5. HP: 30/49 MP: 4/4
  2236 | D:3      | Found a white marble altar of Elyvilon.
  2475 | D:4      | Found a radiant altar of Vehumet.
  2508 | D:4      | Reached skill level 6 in Fighting
  2857 | D:4      | Found a stormy altar of Qazlal.
  2876 | D:4      | Reached XP level 6. HP: 50/57 MP: 5/5
  3126 | D:4      | Noticed a hungry ghost
  3147 | D:4      | Killed a hungry ghost
  3147 | D:4      | Reached skill level 7 in Fighting
  3200 | D:4      | Found a staircase to the Ecumenical Temple.
  3207 | Temple   | Entered the Ecumenical Temple
  3367 | Temple   | Became a worshipper of Warmaster Okawaru
  3419 | D:4      | Found a basalt altar of Yredelemnul.
  3422 | D:4      | Found a shimmering altar of Xom.
  3425 | D:4      | Found a sacrificial altar of Ru.
  3671 | D:5      | Entered Level 5 of the Dungeon
  3712 | D:5      | Noticed Edmund
  3718 | D:4      | Reached XP level 7. HP: 50/66 MP: 6/6
  4015 | D:5      | Reached * piety under Okawaru
  4015 | D:5      | Reached skill level 8 in Fighting
  4026 | D:5      | Noticed Eustachio
  4038 | D:5      | Killed Eustachio
  4152 | D:5      | Noticed Charly's ghost (weakling VSTm)
  4154 | D:5      | Killed Charly's ghost
  4216 | D:5      | Reached XP level 8. HP: 47/75 MP: 7/7
  4393 | D:5      | Killed Edmund
  4393 | D:5      | Reached skill level 9 in Fighting
  4570 | D:5      | Found a burning altar of Makhleb.
  5154 | D:5      | Slain by an unseen horror

Action                   |  1- 3 |  4- 6 |  7- 9 || total
-------------------------+-------+-------+-------++-------
Melee: War axe           |    77 |   140 |   121 ||   338
  Use: Scroll            |       |       |    13 ||    13
       Potion            |       |       |     5 ||     5
  Eat: Chunk             |     2 |     2 |     5 ||     9
       Bread ration      |       |     2 |       ||     2
       Fruit             |       |     1 |       ||     1
